 Dungeon Crawl Stone Soup version 0.30-b1-2-g02819fbbbe (webtiles) character file.

Game seed: 1263866078753357818

54 Flugkiller the Covered (level 3, -4/33 HPs)
             Began as a Minotaur Fighter on May 7, 2023.
             Slain by Sigmund
             ... wielding a +0 scythe
              (10 damage)
             ... on level 2 of the Dungeon.
             The game lasted 00:00:35 (1025 turns).

Flugkiller the Covered (Minotaur Fighter)           Turns: 1025, Time: 00:00:35

Health: -4/33      AC:  8    Str: 22    XL:     3   Next: 66%
Magic:  2/2        EV:  9    Int:  5    God:
Gold:   36         SH:  4    Dex:  9    Spells: 2/2 levels left

rFire   . . .        a - +0 war axe
rCold   . . .        c - +0 buckler
rNeg    . . .        b - +0 scale mail
rPois   .            (helmet restricted)
rElec   .            (no cloak)
rCorr   .            (no gloves)
SInv    .            h - +0 pair of boots
Will    .....        (no amulet) Stlth
                     (no ring)
HPRegen 0.25/turn    (no ring)
MPRegen 0.08/turn

%: no passive effects
@: no status effects
A: horns 2, retaliatory headbutt
a: no special abilities


You were on level 2 of the Dungeon.
You visited 1 branch of the dungeon, and saw 2 of its levels.

You collected 36 gold pieces.

Inventory:

Hand Weapons
 a - a +0 war axe (weapon)
Armour
 b - a +0 scale mail (worn)
 c - a +0 buckler (worn)
 h - a +0 pair of boots (worn)
   (You found it on level 1 of the Dungeon)
Scrolls
 e - 4 scrolls of teleportation {unknown}
 g - 2 scrolls of identify {unknown}
 j - a scroll of butterflies {unknown}
 k - a scroll of enchant weapon {unknown}
 m - a scroll of immolation {unknown}
 n - a scroll of magic mapping {unknown}
Potions
 f - a potion of haste {unknown}
 i - a potion of berserk rage {unknown}
 l - a potion of attraction {unknown}


   Skills:
 + Level 4.1 Fighting
 * Level 3.6 Axes
 + Level 4.1 Armour
 + Level 4.1 Shields


You had 2 spell levels left.
You didn't know any spells.
Your spell library was empty.

Dungeon Overview and Level Annotations

Branches:
Dungeon (2/15)

Altars:

Annotations:
D:2 Sigmund


Innate Abilities, Weirdness & Mutations

You have a pair of horns on your head.
You reflexively headbutt those who attack you in melee.


Message History

You closely miss the adder.
The adder is severely wounded.
Sigmund appears from thin air!
Reactivating autopickup.
The adder barely misses you. Sigmund barely misses you.
The adder bites you but does no damage.
You barely miss the adder. Your headbutt misses the adder.
The adder is severely wounded.
The adder bites you but does no damage. You block Sigmund's attack.
You block the adder's attack. The adder bites you but does no damage.
You see here a book of Displacement.
The adder attacks as you move away! The adder bites you. The adder bites you.
The adder attacks as you move away! The adder barely misses you.
You furiously retaliate!
You headbutt the adder.
You kill the adder!
There is a stone staircase leading up here.
You climb upwards.
There is a stone staircase leading down here.
You start resting.
HP restored.
You climb downwards.
Level annotation: Sigmund The kobold throws a stone.
You block the stone.
There is a stone staircase leading up here.
You barely miss the kobold. Your headbutt misses the kobold.
The kobold barely misses you.
You barely miss the kobold. The kobold hits you with a +0 whip.
Sigmund barely misses you. The kobold hits you but does no damage.
You closely miss the kobold. Your headbutt misses the kobold.
Sigmund closely misses you. You block the kobold's attack.
You barely miss the kobold. The kobold hits you with a +0 whip.
Sigmund hits you from afar with a +0 scythe.
You feel very mighty all of a sudden. You block the kobold's attack.
Sigmund gestures wildly while chanting.
Sigmund flickers and vanishes!
Deactivating autopickup; reactivate with Ctrl-A.
You barely miss the kobold. The kobold hits you but does no damage.
Something hits you. The kobold misses you. Something hits you.
The kobold hits you but does no damage.
You climb upwards.
Reactivating autopickup.
There is a stone staircase leading down here.
You slash the kobold!
You kill the kobold!
Things that are here:
a +0 whip; 4 stones
There is a stone staircase leading down here.
You start resting.
HP restored.
You climb downwards.
Level annotation: Sigmund You feel a little less mighty now.
There is a stone staircase leading up here.
Sigmund barely misses you.
You slash Sigmund!
Sigmund is moderately wounded.
Sigmund hits you with a +0 scythe!
You barely miss Sigmund.
Sigmund is moderately wounded.
Sigmund barely misses you. You furiously retaliate!
You headbutt Sigmund! You barely miss Sigmund.
Sigmund is heavily wounded.
You barely miss Sigmund.
Sigmund is heavily wounded.
Sigmund casts a spell at you. You resist with significant effort.
Sigmund gestures wildly while chanting.
Sigmund flickers and vanishes!
Deactivating autopickup; reactivate with Ctrl-A.
You barely miss something. Your headbutt misses something. Something hits you.
No target in view!
You miss something. Something hits you but does no damage.
You barely miss something. Your headbutt misses something.
Something hits you but does no damage.
You barely miss something. Something hits you.
You closely miss something. Your headbutt misses something. Something hits you.
You closely miss something. Something hits you but does no damage.
You miss something. Your headbutt misses something. Something hits you.
You barely miss something. You block something's attack.
You barely miss something. You barely miss something.
Your headbutt misses something. Something hits you.
You miss something. Your headbutt misses something. Something hits you.
You miss something. Your headbutt misses something.
You block something's attack.
You slash something!
You hear some strange, mumbled words.
Something tries to affect you, but you resist.
You hit something but do no damage. Something hits you but does no damage.
You miss something.
You hear some strange, mumbled words.
A puff of flame appears from out of thin air!
The puff of flame hits you!
* * * LOW HITPOINT WARNING * * *
Something hits you but does no damage.
You miss something. Your headbutt misses something. You barely miss something.
Something hits you!
You die...

##... #..$ .. ....
. ##... . ...# #.
.@# ##.##†#
#...#.# #########
#)@####.@<....#
#...#.K.##{#####.#
##$##.#.##.#
###....:†.#
........#####
.......## ########


There were no monsters in sight!

Vanquished Creatures
  2 gnolls
  2 adders (D:2)
  5 endoplasms (D:1)
  A giant cockroach (D:1)
  2 hobgoblins (D:1)
  2 bats (D:1)
  A goblin (D:1)
  3 kobolds (D:1)
18 creatures vanquished.

Vanquished Creatures (others)
  A plant (D:2)
1 creature vanquished.

Grand Total: 19 creatures vanquished

Notes
Turn   | Place    | Note
-------+----------+-------------------------------------------
     0 | D:1      | Flugkiller the Minotaur Fighter began the quest for the
                  | Orb.
     0 | D:1      | Reached XP level 1. HP: 19/19 MP: 0/0
   203 | D:1      | Reached XP level 2. HP: 26/27 MP: 1/1
   849 | D:2      | Reached XP level 3. HP: 29/33 MP: 2/2
   851 | D:2      | Noticed Sigmund
  1025 | D:2      | Slain by Sigmund

Illustrated notes

Levels and vault maps discovered:
D:1:      dpeg_arrival_lava_temple_mockup, layout_loops_ring, minmay_misc_feat_x
D:2:      layout_basic, serial_bayou_ford_a, minmay_ruptured, uniq_sigmund,
          uniq_robin, uniq_terence, uniq_jessica

Skill      XL: |  1  2 |
---------------+-------+-----
Axes           | 3 |  3.6
Fighting       | 4 |  4.1
Armour         | 4 |  4.1
Shields        | 4 |  4.1

Action                     || total
---------------------------++-------
  Melee: War axe           ||    76
         Headbutt          ||     4
    Use: Potion            ||     1
 Armour: Scale mail        ||    36
  Dodge: Dodged            ||    26
  Block: Buckler           ||    25
